 Dungeon Crawl Stone Soup version 0.29.1-12-g30fa7ad0bf (webtiles) character file.

Game seed: 3797570115161695823

261 kingofthe the Magician (level 5, 0/28 HPs)
             Began as a Deep Elf Venom Mage on Jan 16, 2023.
             Slain by Pikel
             ... wielding a +2 whip of electrocution
              (6 damage)
             ... on level 4 of the Dungeon.
             The game lasted 00:25:03 (5530 turns).

kingofthe the Magician (Deep Elf Venom Mage)        Turns: 5530, Time: 00:25:04

Health: 0/28       AC:  3    Str: 11    XL:     5   Next: 96%
Magic:  8/13       EV: 14    Int: 20    God:
Gold:   95         SH:  0    Dex: 17    Spells: 5/12 levels left

rFire   . . .      SeeInvis .   a - +9 morningstar "Vaafaeg" {vorpal, Str+6}
rCold   . . .      Faith    .   (no shield)
rNeg    . . .      Spirit   .   s - +1 robe
rPois   .          Reflect  .   (no helmet)
rElec   .          Harm     .   (no cloak)
rCorr   .          Rampage  .   (no gloves)
Will    .....                   (no boots)
Stlth   +++.......              (no amulet)
HPRegen 0.09/turn               (no ring)
MPRegen 0.13/turn               (no ring)

@: about to teleport
A: no striking features
a: no special abilities


You were on level 4 of the Dungeon.
You visited 1 branch of the dungeon, and saw 4 of its levels.

You collected 95 gold pieces.

Inventory:

Hand Weapons
 a - the +9 morningstar "Vaafaeg" (weapon) {vorpal, Str+6}
   (You found it on level 2 of the Dungeon)

   It inflicts extra damage upon your enemies.
   Str:       It affects your strength (+6).
 h - a +1 short sword of draining
Armour
 e - an orb of energy
 s - a +1 robe (worn)
Jewellery
 l - a ring of ice
Wands
 p - a wand of flame (13)
Scrolls
 j - 4 scrolls of identify
 m - a scroll of torment
 q - a scroll of enchant armour
 r - a scroll of amnesia
Potions
 b - a potion of magic
 c - 4 potions of curing
 d - a potion of lignification {unknown}
 g - a potion of attraction {unknown}
 i - a potion of might
 k - a potion of haste {unknown}
 n - a potion of mutation {unknown}
 o - a potion of brilliance {unknown}


   Skills:
 * Level 4.3 Dodging
 - Level 3.5 Stealth
 + Level 4.4 Spellcasting
 * Level 1.5 Conjurations
 - Level 1.2 Transmutations
 - Level 2.0 Air Magic
 + Level 4.4 Poison Magic


You had 5 spell levels left.
You knew the following spells:

 Your Spells              Type           Power      Damage    Failure   Level
a - Sting                 Tmut/Pois      60%        1d6       3%          1
b - Poisonous Vapours     Pois/Air       34%        N/A       4%          2
c - Mephitic Cloud        Conj/Pois/Air  15%        N/A       12%         3
d - Magic Dart            Conj           40%        1d5       6%          1

Your spell library contained the following spells:

 Spells                   Type           Power      Damage    Failure   Level
 Wereblood                Tmut           9%         N/A       11%         2
 Sandblast                Erth           8%         2d5       12%         1
 Spider Form              Tmut/Pois      15%        N/A       12%         3
 Passwall                 Tmut/Erth      5%         N/A       14%         2
 Call Imp                 Summ           4%         N/A       19%         2
 Ensorcelled Hibernation  Hex/Ice        8%         N/A       19%         2
 Sublimation of Blood     Necr           4%         N/A       19%         2
 Olgreb's Toxic Radiance  Pois           22%        N/A       21%         4
 Stone Arrow              Conj/Erth      14%        3d7       26%         3
 Anguish                  Hex/Necr       2%         N/A       77%         4
 Passage of Golubria      Tloc           4%         N/A       77%         4
 Silence                  Hex/Air        4%         N/A       92%         5
 Summon Hydra             Summ           2%         N/A       100%        7
 Lehudib's Crystal Spear  Conj/Erth      3%         10d3      100%        8


Dungeon Overview and Level Annotations

Branches:
Dungeon (4/15)
 Temple: D:4-7

Altars:
Elyvilon
Xom

Annotations:
D:4 1 runed translucent door, exclusions: door and 2 more exclusions, Pikel; Powssss's ghost, amateur MiFi; Sigmund


Message History

Aiming: Sting (safe; 3% risk of failure)
Press: ? - help, Shift-Dir - straight line, f/p - Pikel
Aim: Pikel, wielding a +2 whip of electrocution and wearing a +0 robe (poisoned, 67% to hit)
The sting misses Pikel.
Casting: Sting (safe; 3% risk of failure)
Confirm with . or Enter, or press ? or * to list all spells.
Aiming: Sting (safe; 3% risk of failure)
Press: ? - help, Shift-Dir - straight line, f/p - Pikel
Aim: Pikel, wielding a +2 whip of electrocution and wearing a +0 robe (poisoned, 67% to hit)
The sting hits Pikel.
Pikel looks even sicker.
Pikel is lightly wounded.
Pikel misses you.
Casting: Sting (safe; 3% risk of failure)
Confirm with . or Enter, or press ? or * to list all spells.
Aiming: Sting (safe; 3% risk of failure)
Press: ? - help, Shift-Dir - straight line, f/p - Pikel
Aim: Pikel, wielding a +2 whip of electrocution and wearing a +0 robe (lightly wounded, very poisoned, 67% to hit)
The sting hits Pikel but does no damage.
Pikel looks even sicker.
Pikel is lightly wounded.
Pikel hits you with a +2 whip of electrocution.
Pikel hits you with a +2 whip of electrocution.
Pikel attacks as you move away! Pikel completely misses you.
Casting: Sting (safe; 3% risk of failure)
Confirm with . or Enter, or press ? or * to list all spells.
Aiming: Sting (safe; 3% risk of failure)
Press: ? - help, Shift-Dir - straight line, f/p - Pikel
Aim: Pikel, wielding a +2 whip of electrocution and wearing a +0 robe (lightly wounded, very poisoned, 67% to hit)
The sting hits Pikel but does no damage.
Pikel looks even sicker.
Pikel is lightly wounded.
The lemure shouts!
The lemure closely misses you.
Pikel hits you with a +2 whip of electrocution.
You are electrocuted!
* * * LOW HITPOINT WARNING * * *
As you read the scroll of teleportation, it crumbles to dust.
You feel strangely unstable. The lemure closely misses you.
Pikel hits you with a +2 whip of electrocution.
You die...

#..... ....# ..... ...
##'#.######..
...........# ........†.#
#......# #......######+##
#..............# ....
##'####...K@...#
....#.....#....5...#
#...##....#........# .'
##...##....#........# .#
.....##....#####5...# ..#
......#.....#..#....# ..#
##
......#.....#..#....#...#
#.
......'.....'..#...5#...#
#.
......#.....#..#....'...+
##


You could see Pikel (very poisoned) and 3 lemures.

Vanquished Creatures
  A howler monkey (D:3)
  An orc priest (D:3)
  An iguana (D:3)
  Terence (D:2)
  An orc wizard (D:3)
  3 adders
  A worm (D:4)
  A dart slug (D:3)
  14 orcs
  10 ball pythons
  5 endoplasms
  A giant cockroach (D:4)
  4 goblins
  A hobgoblin (D:2)
  6 kobolds
  4 quokkas
  5 bats
  12 frilled lizards
  A rat (D:1)
73 creatures vanquished.

Notes
Turn   | Place    | Note
-------+----------+-------------------------------------------
     0 | D:1      | kingofthe the Deep Elf Venom Mage began the quest for the
                  | Orb.
     0 | D:1      | Reached XP level 1. HP: 10/10 MP: 6/6
   584 | D:1      | Reached XP level 2. HP: 15/15 MP: 5/8
   624 | D:1      | Learned a level 2 spell: Poisonous Vapours
   662 | D:1      | Found a faded altar of an unknown god.
  1450 | D:2      | Reached XP level 3. HP: 14/19 MP: 2/9
  1832 | D:2      | Learned a level 3 spell: Mephitic Cloud
  2027 | D:2      | Identified the +9 morningstar "Vaafaeg" {vorpal, Str+6}
  2337 | D:3      | Reached XP level 4. HP: 8/24 MP: 3/11
  2534 | D:3      | Noticed Terence
  2548 | D:2      | Killed Terence
  2549 | D:2      | Reached skill level 1 in Air Magic
  3018 | D:3      | Learned a level 1 spell: Magic Dart
  3898 | D:3      | Reached XP level 5. HP: 27/28 MP: 6/13
  4310 | D:3      | Found a shimmering altar of Xom.
  4318 | D:3      | Reached skill level 1 in Conjurations
  4398 | D:3      | Found a white marble altar of Elyvilon.
  4545 | D:4      | Found a runed translucent door.
  4979 | D:4      | Noticed Powssss's ghost (amateur MiFi)
  5040 | D:4      | Noticed Pikel
  5040 | D:4      | Noticed a lemure
  5040 | D:4      | Noticed a lemure
  5040 | D:4      | Noticed a lemure
  5040 | D:4      | Noticed a lemure
  5349 | D:4      | Noticed Sigmund
  5530 | D:4      | Slain by Pikel

Illustrated notes

Levels and vault maps discovered:
D:1:      lemuel_arrival_muddy, layout_loops_ring,
          shapermc_ecumenical_altar_starsandcircs
D:2:      layout_rooms, ebering_dispersal_statue_hall,
          kennysheep_decorative_pillar, kennysheep_nondescript,
          dk_noncrumbling_2, minmay_lizard_pond
D:3:      layout_loops_ring, grunt_temple_overflow_open, uniq_terence
D:4:      layout_gridville, ebering_ghost_sewer_f, uniq_pikel, uniq_sigmund

Skill      XL: |  1  2  3  4  5 |
---------------+----------------+-----
Stealth        | 3 |  3.5
Dodging        | 3 4 |  4.3
Air Magic      | 1 2 |  2.0
Poison Magic   | 4 |  4.4
Spellcasting   | 4 |  4.4
Conjurations   | 1 |  1.5
Transmutations | |  1.2

Action                   |  1- 3 |  4- 6 || total
-------------------------+-------+-------++-------
Melee: Morningstar       |     1 |     2 ||     3
 Cast: Sting             |    50 |    55 ||   105
       Poisonous Vapours |    15 |    31 ||    46
       Magic Dart        |       |    36 ||    36
  Use: Scroll            |       |    11 ||    11
       Potion            |       |     1 ||     1
Armor: Robe              |     6 |     4 ||    10
Dodge: Dodged            |    21 |    29 ||    50
